 Dungeon Crawl Stone Soup version 0.31-a0-523-g071a6c1ffa (console) character file.

Game seed: 16672026795155626204

3301 Ignak the Ogre Mage (level 10, -5/97 HPs)
             Began as an Ogre Hedge Wizard on Aug 11, 2023.
             Was an Initiate of Okawaru.
             Slain by a killer bee (7 damage)
             ... on level 8 of the Dungeon.
             The game lasted 00:27:39 (9112 turns).

Ignak the Ogre Mage (Ogre Hedge Wizard)             Turns: 9112, Time: 00:27:39

Health: -5/97      AC:  7    Str: 18    XL:     10   Next: 1%
Magic:  14/19      EV:  9    Int: 17    God:    Okawaru [......]
Gold:   303        SH:  9    Dex:  8    Spells: 7/21 levels left

rFire   . . .        a - +2 war axe (drain)
rCold   + + .        y - +1 kite shield {reflect}
rNeg    . . .        x - +0 steam dragon scales
rPois   .            c - +0 hat
rElec   .            v - +0 cloak
rCorr   .            (gloves unavailable)
SInv    .            (boots unavailable)
Will    +....        t - amulet of the acrobat
Stlth   +            s - ring of protection from cold
HPRegen 0.36/turn    p - ring of protection from cold
MPRegen 0.16/turn

%: reflection, acrobat
@: lethally poisoned (-5 -> -6), very slightly contaminated
A: large, unfitting armour, tough skin 1
a: Renounce Religion


You were on level 8 of the Dungeon.
You worshipped Okawaru.
Okawaru was noncommittal.
You visited 2 branches of the dungeon, and saw 9 of its levels.

You collected 303 gold pieces.

Inventory:

Hand Weapons
 a - a +2 war axe of draining (weapon)
 b - a +3 trident of protection
Missiles
 i - 33 poisoned darts (quivered)
Armour
 c - a +0 hat (worn)
 v - a +0 cloak (worn)
 x - +0 steam dragon scales (worn)
 y - a +1 kite shield of reflection (worn)
 z - an orb of light
Magical Staves
 k - a staff of cold
Jewellery
 p - a ring of protection from cold (right hand)
 s - a ring of protection from cold (left hand)
 t - an amulet of the acrobat (around neck)
Wands
 n - a wand of polymorph (6)
 r - a wand of digging (6)
 F - a wand of flame (9)
Scrolls
 f - a scroll of enchant weapon {unknown}
 g - 2 scrolls of vulnerability
 u - a scroll of fear
 A - 2 scrolls of fog
 B - 2 scrolls of teleportation
 E - a scroll of poison
Potions
 d - 2 potions of magic
 e - a potion of cancellation
 h - a potion of attraction {unknown}
 j - a potion of haste {unknown}
 l - 2 potions of enlightenment
 m - a potion of degeneration {unknown}
 o - a potion of mutation {unknown}
 C - a potion of resistance
 G - a potion of berserk rage {unknown}


   Skills:
 + Level 5.6 Fighting
 * Level 5.5(5.6) Axes
 - Level 1.2(3.4) Maces & Flails
 + Level 4.4 Dodging
 - Level 1.4 Stealth
 * Level 5.6 Shields
 - Level 1.0 Unarmed Combat
 + Level 6.0 Spellcasting
 + Level 3.8 Conjurations
 - Level 0.9 Summonings
 - Level 3.0 Translocations
 + Level 3.3 Ice Magic
 - Level 2.0 Air Magic
 - Level 2.0 Poison Magic
 + Level 0.5 Invocations


You had 7 spell levels left.
You knew the following spells:

 Your Spells              Type           Power      Damage    Failure   Level
a - Magic Dart            Conj           72%        1d6       6%          1
b - Blink                 Tloc           30%        N/A       14%         2
c - Frozen Ramparts       Ice            32%        1d5       24%         3
d - Mephitic Cloud        Conj/Pois/Air  13%        N/A       32%         3
e - Call Imp              Summ           16%        N/A       32%         2
f - Hailstorm             Conj/Ice       17%        3d6       22%         3

Your spell library contained the following spells:

 Spells                   Type           Power      Damage    Failure   Level
 Freeze                   Ice            64%        1d7       8%          1
 Cigotuvi's Dreadful Rot  Necr/Pois/Air  18%        N/A       28%         2
 Slow                     Hex            20%        N/A       30%         1
 Inner Flame              Hex/Fire       5%         N/A       67%         3
 Yara's Violent Unravell  Hex/Tmut       2%         3d3       100%        5
 Enfeeble                 Hex            2%         N/A       100%        7
 Summon Ice Beast         Ice/Summ       Unusable   N/A       N/A         4
 Simulacrum               Ice/Necr       Unusable   N/A       N/A         6

Dungeon Overview and Level Annotations

Branches:
Dungeon (8/15)             Temple (1/1) D:6
   Lair: D:8-11

Altars:
Ashenzari
Cheibriados
Dithmenos
Elyvilon
Fedhas
Gozag
Hepliaklqana
Kikubaaqudgha
Makhleb
Nemelex Xobeh
Okawaru
Qazlal
Ru
Sif Muna
Trog
Vehumet
Wu Jian
Xom
Yredelemnul
Zin

Annotations:
D:3 1 exclusion
D:5 2 runed translucent doors, temitten's ghost, novice OgSu
D:8 Erica


Innate Abilities, Weirdness & Mutations

You are too large for most types of armour.
You have tough skin. (AC +1)


Message History

An orc comes into view. It is wielding a +0 club.
You hear an angry buzzing noise.
You hear a loud, deep croak!
You hear a shout!
The orc shouts!
You hear some strange, mumbled words.
A bolt of poison appears from out of thin air!
The bolt of poison misses you.
A killer bee comes into view.
Casting: Mephitic Cloud (dangerous; 32% risk of failure)
Confirm with . or Enter, or press ? or * to list all spells.
Aiming: Mephitic Cloud (dangerous; 32% risk of failure)
Press: ? - help, Shift-Dir - straight line, f - killer bee
Aim: a killer bee (chance to affect: 86%)
You miscast Mephitic Cloud.
You are very lightly contaminated with residual magic.
You feel rather nauseous for a moment!
You are poisoned.
* * * LOW HITPOINT WARNING * * *
You feel sick. Something hits you!
* * * LOW HITPOINT WARNING * * *
Something burns you.
* * * LOW HITPOINT WARNING * * *
The killer bee attacks as you move away!
The killer bee barely misses you.
* * * LOW HITPOINT WARNING * * *
You feel sick.
A killer bee comes into view.
You block the killer bee's attack.
Okay, then.
Okay, then.
Casting: Mephitic Cloud (dangerous; 32% risk of failure)
Confirm with . or Enter, or press ? or * to list all spells.
You miscast Blink.
Nothing appears to happen.
The killer bee buzzes angrily.
* * * LOW HITPOINT WARNING * * *
You feel sick.
You hear a shout!
The killer bee barely misses you.
An orc comes into view. It is wielding a +0 dagger.
The killer bee stings you!
You die...

.. o# . .. ..
.# ##. #o##..
##. ...# ...#
#..#####.#
#..#
#...y...y##
#...
.####...#@##
#..#
#..###.###..#
# #.. ##.#...#
.# .. #..
##...# ..# ..
#.# ##..##..#
.##. #....#
#... #...##
#...
###....####
#..
####..........


You could see 2 killer bees and 2 orcs.

Vanquished Creatures
  Maggie (D:6)
  Prince Ribbit (D:7)
  A shadow (D:5)
  Eustachio (D:6)
  A steam dragon (D:7)
  Menkaure (D:6)
  Duvessa (D:6)
  An orc warrior (D:7)
  3 ice beasts
  An ogre (D:5)
  A phantom (D:5)
  2 bullfrogs (D:7)
  A kobold brigand (D:7)
  A scorpion (D:5)
  3 wights
  Dowan (D:7)
  A crimson imp (D:5)
  2 jellies
  Crazy Yiuf (D:3)
  3 orc priests
  A gnoll bouda (D:7)
  4 hounds
  3 sleepcaps
  4 orc wizards
  10 gnolls
  5 adders
  A shadow imp (D:5)
  3 white imps
  2 ufetubi (D:5)
  3 dart slugs
  16 orcs
  8 endoplasms
  7 giant cockroaches
  4 goblins
  5 hobgoblins
  9 quokkas
  4 ball pythons
  5 bats
  5 frilled lizards
  12 kobolds
  6 rats
145 creatures vanquished.

Vanquished Creatures (collateral kills)
  Grinder (D:6)
  A sky beast (D:7)
  A gnoll (D:3)
  3 adders
  A worm (D:2)
  A dart slug (D:3)
  2 ball pythons (D:2)
  A hobgoblin (D:3)
11 creatures vanquished.

Grand Total: 156 creatures vanquished

Notes
Turn   | Place    | Note
-------+----------+-------------------------------------------
     0 | D:1      | Ignak the Ogre Hedge Wizard began the quest for the Orb.
     0 | D:1      | Reached XP level 1. HP: 16/16 MP: 5/5
    41 | D:1      | Reached skill level 1 in Translocations
   227 | D:1      | Reached skill level 1 in Conjurations
   279 | D:1      | Reached XP level 2. HP: 23/26 MP: 0/6
   292 | D:1      | Learned a level 2 spell: Blink
   295 | D:1      | Learned a level 2 spell: Call Imp
   768 | D:1      | Reached skill level 1 in Fighting
   801 | D:1      | Reached XP level 3. HP: 26/33 MP: 8/8
   806 | D:1      | Learned a level 3 spell: Mephitic Cloud
  1141 | D:2      | Reached skill level 1 in Maces & Flails
  1210 | D:2      | Reached XP level 4. HP: 24/41 MP: 9/9
  1875 | D:2      | Reached skill level 1 in Unarmed Combat
  2646 | D:3      | Found a runed translucent door.
  2647 | D:3      | Noticed Crazy Yiuf
  2664 | D:3      | Killed Crazy Yiuf
  2665 | D:3      | Reached skill level 4 in Spellcasting
  2665 | D:3      | Reached skill level 1 in Air Magic
  2665 | D:3      | Reached XP level 5. HP: 38/49 MP: 4/11
  3024 | D:3      | Found a broken altar of Ashenzari.
  3279 | D:3      | Reached skill level 1 in Axes
  3279 | D:3      | Reached XP level 6. HP: 57/57 MP: 12/12
  3378 | D:3      | Found an ancient bone altar of Kikubaaqudgha.
  3702 | D:4      | Reached skill level 1 in Shields
  3702 | D:4      | Reached skill level 1 in Poison Magic
  3788 | D:4      | You are sucked into a shaft and drop 3 floors!
  3875 | D:7      | Noticed an orc warrior
  3897 | D:6      | Noticed Grinder
  3905 | D:6      | Found a staircase to the Ecumenical Temple.
  3915 | D:5      | Entered Level 5 of the Dungeon
  4053 | D:5      | Found a runed translucent door.
  4158 | D:5      | Reached XP level 7. HP: 46/66 MP: 13/13
  4641 | D:5      | Found a runed translucent door.
  4652 | D:5      | Noticed temitten's ghost (novice OgSu)
  4800 | D:5      | Found a burning altar of Makhleb.
  4800 | D:5      | Found a shimmering altar of Xom.
  5167 | D:5      | Found an opulent altar of Gozag.
  5264 | D:5      | Reached XP level 8. HP: 52/75 MP: 12/15
  5529 | D:5      | Noticed a shadow
  5595 | D:5      | Killed a shadow
  5774 | D:5      | Found a shadowy altar of Dithmenos.
  6124 | D:6      | Killed Grinder
  6125 | D:6      | Reached skill level 5 in Spellcasting
  6148 | D:6      | Learned a level 3 spell: Frozen Ramparts
  6152 | D:6      | Learned a level 3 spell: Hailstorm
  6552 | D:6      | Reached skill level 1 in Ice Magic
  6685 | D:6      | Noticed Menkaure
  6696 | D:6      | Killed Menkaure
  6697 | D:6      | Reached XP level 9. HP: 53/85 MP: 4/16
  6804 | D:6      | Found an ornate altar of the Wu Jian Council.
  7003 | D:6      | Noticed Eustachio
  7015 | D:6      | Killed Eustachio
  7591 | D:7      | Reached skill level 5 in Fighting
  7688 | D:7      | Noticed Dowan
  7699 | D:7      | Killed Dowan
  7703 | D:7      | Noticed Maggie
  7738 | D:6      | Killed Maggie
  7739 | D:6      | Reached skill level 5 in Axes
  7739 | D:6      | Reached skill level 5 in Shields
  7952 | D:7      | Noticed Duvessa
  7972 | D:6      | Killed Duvessa
  8325 | D:7      | Noticed Prince Ribbit
  8342 | D:7      | Killed Prince Ribbit
  8747 | Temple   | Entered the Ecumenical Temple
  8763 | Temple   | Became a worshipper of Warmaster Okawaru
  8798 | D:7      | Found a bloodstained altar of Trog.
  8918 | D:7      | Reached skill level 6 in Spellcasting
  8918 | D:7      | Reached XP level 10. HP: 97/97 MP: 17/19
  9030 | D:7      | Found a sacrificial altar of Ru.
  9094 | D:8      | Noticed Erica
  9111 | D:8      | HP: 3/97 [something (4)]
  9112 | D:8      | Slain by a killer bee

Illustrated notes

Levels and vault maps discovered:
D:1:      eino_arrival_tree_alley, layout_loops_ring,
          minmay_misc_feat_more_columns
D:2:      minmay_chambers_of_ones, layout_basic, minmay_close_crescents
D:3:      layout_basic, ashenzari_altar_1, nicolae_overflow_hidden_temple,
          uniq_crazy_yiuf_cottage
D:4:      layout_basic
D:5:      layout_rooms, grunt_temple_overflow_champion_of_chaos,
          grunt_gozag_statues, nicolae_dithmenos_through_a_glass_darkly,
          ebering_ghost_sewer_f
D:6:      layout_cave_pools, pdpol_wu_jian_five_deadly_venoms,
          minmay_temple_entry_offerings, nicolae_hexahallways,
          kennysheep_generic_room_15, uniq_grinder, uniq_eustachio,
          uniq_menkaure
D:7:      layout_loops_ring, mainiacjoe_overflow_alcove_4,
          mainiacjoe_overflow_surrounded_room, uniq_maggie, uniq_duvessa,
          uniq_prince_ribbit1
D:8:      layout_layer_cave, serial_shops, nicolae_shop_tiny_waterfront,
          uniq_erica, uniq_jeremiah, uniq_pikel
Temple:   jpeg_temple_clearing

Skill      XL: |  1  2  3  4  5  6  7  8  9 |
---------------+----------------------------+-----
Translocations | 1 2 3 |  3.0
Conjurations   | 1 2 3 |  3.8
Dodging        | 2 3 4 |  4.4
Fighting       | 1 2 3 4 5 |  5.6
Maces & Flails | 1 |  1.2
Unarmed Combat | 1 |  1.0
Spellcasting   | 4 5 6 |  6.0
Air Magic      | 1 2 |  2.0
Axes           | 1 2 4 5 |  5.5
Shields        | 1 2 4 5 |  5.6
Poison Magic   | 1 2 |  2.0
Ice Magic      | 1 3 |  3.3
Stealth        | |  1.4
Summonings     | |  0.9
Invocations    | |  0.5

Action                     |  1- 3 |  4- 6 |  7- 9 | 10-12 || total
---------------------------+-------+-------+-------+-------++-------
  Melee: Club              |    96 |    20 |       |       ||   116
         Short sword       |       |   140 |   116 |       ||   256
         Punch             |       |     1 |       |       ||     1
         Quarterstaff      |       |    26 |       |       ||    26
         Trident           |       |       |   136 |       ||   136
         War axe           |       |       |    68 |    11 ||    79
  Throw: Dart              |     4 |       |       |       ||     4
   Cast: Magic Dart        |    11 |       |    15 |       ||    26
         Call Imp          |     7 |     7 |    13 |       ||    27
         Mephitic Cloud    |       |     3 |     8 |     1 ||    12
         Blink             |       |     3 |    12 |       ||    15
         Frozen Ramparts   |       |       |    10 |       ||    10
         Hailstorm         |       |       |     4 |       ||     4
    Use: Scroll            |       |     4 |     4 |       ||     8
         Potion            |       |     4 |     3 |       ||     7
   Stab: Sleeping          |     2 |       |       |       ||     2
         Confused          |       |     1 |     4 |       ||     5
         Distracted        |       |     1 |     1 |       ||     2
 Armour: Robe              |    33 |    51 |   105 |       ||   189
         Steam dragon scal |       |       |    14 |       ||    14
  Dodge: Dodged            |    73 |   107 |   159 |     4 ||   343
  Block: Kite shield       |       |       |    23 |     5 ||    28

Table legend: (Time is in decaauts)
 A = Elapsed time spent in this place.
 B = Non-inter-level travel time spent in this place.
 C = Inter-level travel time spent in this place.
 D = Time resting spent in this place.
 E = Time spent auto-exploring this place.
 F = Levels seen in this place.
 G = Mean time per level.
                   A        B        C        D        E       F      G
               +--------+--------+--------+--------+--------+-----+--------+
         Total |   9189 |   8876 |    313 |   1976 |   4021 |   9 | 1021.0 |
       Dungeon |   9157 |   8845 |    312 |   1976 |   4021 |   8 | 1144.6 |
        Temple |     31 |     31 |      0 |      0 |      0 |   1 |   31.0 |
               +--------+--------+--------+--------+--------+-----+--------+

Top non-repeatable levels by time:
     D:5: 1793 daAuts
     D:6: 1729 daAuts
     D:2: 1469 daAuts
     D:7: 1215 daAuts
     D:1: 1095 daAuts
     D:4: 915 daAuts
     D:3: 897 daAuts
     D:8: 41 daAuts
  Temple: 31 daAuts
